Map: Acropolis LE

Players

soO - Winner!

  • Race: Zerg Zerg
  • League: Diamond
  • Spawn Location: 11:00

Retribution

  • Race: Zerg Zerg
  • Spawn Location: 5:00

Event: NationWars 2019

VOD

Have the link to the VOD?

Description

Time

  • Played on: Nov. 12, 2019, 1:39 p.m.
  • Length: 9:11
Show
View Real Time Build Order
Export as new Build Order

soO Zerg - Winner!

Build Orders: Hatch First 

Get SALT Encoding   

  12  0:01  Drone  
  13  0:12  Overlord  
  13  0:17  Drone  
  14  0:30  Drone x2  
  16  0:47  Hatchery  
  15  0:51  Drone  
  15  0:55  Drone  
  17  0:58  Drone  
  18  1:09  Extractor  
  17  1:13  Spawning Pool  
  17  1:16  Drone  
  17  1:19  Drone  
  18  1:29  Drone  
  19  1:39  Drone  
  20  1:49  Overlord  
  20  1:59  Queen  
  20  2:00  Drone, Queen  
  25  2:02  Zergling x2  
  26  2:09  Metabolic Boost  
  26  2:10  Drone  
  26  2:11  Drone  
  28  2:21  Drone  
  29  2:23  Drone  
  30  2:33  Hatchery  
  29  2:39  Drone  
  29  2:41  Drone  
  29  2:43  Overlord  
  31  2:48  Drone  
  32  3:05  Zergling x8  
  36  3:08  Drone x2  
  36  3:09  Zergling x8  
  42  3:20  Roach Warren, Overlord  
  41  3:28  Drone x3  
  44  3:42  Drone  
  44  3:43  Drone, Queen  
  48  3:49  Drone, Overlord  
  44  4:06  Roach x6  
  55  4:16  Zergling x18  
  64  4:23  Overlord  
  64  4:27  Overlord  
  64  4:28  Ravager  
  64  4:30  Overlord  
  65  4:31  Extractor  
  65  4:33  Extractor  
  63  4:42  Drone x3  
  66  4:46  Drone x6  
  66  4:50  Drone x2  
  66  4:51  Drone  
  75  4:56  Drone x2  
  77  5:00  Drone  
  77  5:02  Drone  
  77  5:03  Drone x2  
  77  5:06  Lair  
  77  5:08  Drone  
  78  5:17  Drone  
  78  5:18  Drone  
  78  5:19  Drone  
  78  5:21  Evolution Chamber  
  80  5:24  Drone x4  
  80  5:26  Extractor  
  80  5:28  Drone, Extractor  
  84  5:35  Drone x2  
  85  5:39  Overlord  
  85  5:40  Overlord  
  85  5:43  Drone x3  
  85  5:45  Overlord  
  85  5:49  Zerg Missile Weapons Level 1, Overlord  
  88  5:54  Overlord  
  88  5:55  Overlord  
  88  5:57  Overlord  
  88  5:59  Roach x5  
  98  6:04  Glial Reconstitution  
  98  6:05  Overlord  
  98  6:07  Nydus Network  
  98  6:10  Roach x3  
  103  6:14  Roach x2  
  103  6:16  Overlord  
  105  6:34  Roach x10  
  125  6:45  Nydus Canal  
  122  6:56  Roach  
  122  6:57  Roach x8  
  137  7:10  Drone, Queen x2  
  137  7:14  Drone  
  138  7:16  Drone  
  138  7:21  Spore Crawler x2  
  138  7:22  Roach x2, Queen  
  141  7:23  Roach  
  141  7:29  Drone x2  
  137  7:31  Roach x4  
  137  7:35  Drone  
  137  7:36  Drone  
  145  7:37  Drone  
  145  7:39  Roach  
  145  7:41  Roach  
  145  7:43  Roach  
  144  7:46  Roach x3, Queen x2  
  144  7:50  Nydus Canal  
  134  7:54  Roach  
  134  7:55  Roach x2  
  134  7:56  Spore Crawler  
  134  7:57  Queen  
  133  8:01  Roach  
  133  8:02  Roach  
  133  8:04  Roach x2  
  133  8:05  Roach x2  
  145  8:11  Roach  
  145  8:13  Roach  
  145  8:16  Ravager  
  148  8:22  Roach  
  148  8:23  Roach  
  148  8:26  Roach  
  149  8:31  Queen  
  149  8:32  Queen  
  153  8:37  Drone  
  153  8:39  Overlord  
  157  9:03  Spore Crawler x2  
  157  9:05  Hydralisk Den  
Show
View Real Time Build Order
Export as new Build Order

Retribution Zerg 

Build Orders: Hatch First, Muta Ling Bane 

Get SALT Encoding   

  12  0:00  Drone  
  13  0:12  Overlord  
  13  0:17  Drone  
  14  0:31  Drone x2  
  16  0:47  Hatchery  
  15  0:51  Drone  
  15  0:55  Drone  
  17  0:57  Drone  
  18  1:08  Extractor  
  17  1:12  Spawning Pool  
  17  1:16  Drone  
  17  1:19  Drone  
  18  1:28  Drone  
  19  1:43  Drone  
  20  1:49  Drone  
  21  1:59  Queen x2  
  21  2:00  Overlord  
  21  2:01  Zergling x2  
  26  2:08  Metabolic Boost  
  26  2:10  Drone  
  26  2:11  Drone  
  28  2:21  Drone  
  29  2:23  Drone  
  30  2:33  Hatchery  
  30  2:35  Drone  
  30  2:38  Zergling x2  
  30  2:43  Overlord  
  31  2:46  Drone  
  32  2:53  Baneling Nest  
  32  2:56  Zergling x2  
  32  2:58  Drone  
  33  3:08  Drone x6  
  39  3:13  Drone x2  
  39  3:18  Overlord  
  41  3:23  Drone  
  42  3:29  Drone x2  
  44  3:35  Queen  
  44  3:36  Baneling x4  
  44  3:37  Zergling x2  
  44  3:38  Zergling x4  
  49  3:41  Zergling x4  
  49  3:44  Zergling x2  
  52  3:50  Zergling x4  
  52  3:53  Drone x2  
  56  3:55  Extractor  
  53  4:12  Hatchery  
  53  4:13  Overlord  
  53  4:14  Lair  
  52  4:21  Baneling, Evolution Chamber  
  52  4:23  Drone  
  52  4:29  Roach Warren  
  51  4:32  Drone x6  
  51  4:35  Drone, Extractor  
  51  4:38  Extractor  
  56  4:47  Zergling x6  
  56  4:50  Overlord x2  
  59  4:55  Overlord  
  56  5:14  Drone x3, Spire  
  58  5:23  Baneling x2  
  58  5:25  Drone x10  
  68  5:31  Overlord  
  68  5:46  Overlord  
  67  5:50  Drone x6  
  67  5:51  Evolution Chamber  
  67  5:53  Extractor  
  67  5:54  Extractor  
  70  6:00  Drone x8  
  78  6:07  Overlord  
  78  6:08  Overlord  
  78  6:11  Hatchery  
  74  6:27  Mutalisk x8  
  90  6:33  Zerg Melee Weapons Level 1  
  90  6:38  Zergling x12  
  96  6:40  Drone  
  96  6:44  Drone x2  
  96  6:46  Drone  
  100  6:49  Centrifical Hooks  
  100  6:52  Zergling x6  
  101  6:55  Overlord  
  101  6:58  Zerg Flyer Weapons Level 1  
  99  7:02  Mutalisk x2  
  99  7:04  Zergling x12  
  106  7:14  Zergling x8  
  101  7:20  Mutalisk, Evolution Chamber  
  101  7:23  Mutalisk x2  
  101  7:28  Mutalisk  
  102  7:34  Zergling x6  
  90  7:41  Zergling x6  
  70  7:48  Zergling x8  
  62  7:52  Zergling x4  
  62  7:56  Drone  
  61  8:04  Mutalisk x2  
  62  8:16  Zergling x12  
  65  8:29  Mutalisk  
  65  8:32  Zergling x6  
  64  8:49  Zergling x8  
Tags
 
Composition
Muta Ling Bane
League
Diamond
Matchup
ZvZ
Player
soO
Race
Zerg
Spawn Locations
Cross Positions
Add a new tag
Caveats
  • Supply blocks, unpowered buildings, or Contaminate may cause inaccurate times.
  • Supply counts are checked every 10 seconds.